 Dungeon Crawl Stone Soup version 0.28.0 (webtiles) character file.

Game seed: 17121404364628029632

309 freelancePsychic the Cutter (level 6, -10/46 HPs)
             Began as a Merfolk Fire Elementalist on Feb 7, 2022.
             Mangled by Duvessa (14 damage)
             ... on level 4 of the Dungeon.
             The game lasted 00:05:49 (3931 turns).

freelancePsychic the Cutter (MfFE)                  Turns: 3931, Time: 00:05:49

Health: -10/46     AC:  5    Str:  8    XL:     6   Next: 41%
Magic:  9/10       EV: 13    Int: 16    God:
Gold:   124        SH:  0    Dex: 15    Spells: 10/11 levels left

rFire   . . .      SeeInvis .   h - +1 dagger (venom)
rCold   . . .      Faith    .   (no shield)
rNeg    . . .      Spirit   .   m - +0 leather armour
rPois   +          Reflect  .   (no helmet)
rElec   .          Harm     .   (no cloak)
rCorr   .          Rampage  .   q - +0 pair of gloves
Will    .....                   r - +0 pair of boots
Stlth   +.........              (no amulet)
HPRegen 0.15/turn               n - ring of poison resistance
MPRegen 0.12/turn               (no ring)

@: lit by a corona, glowing
A: (nimble swimmer 2), mertail
a: no special abilities


You were on level 4 of the Dungeon.
You visited 1 branch of the dungeon, and saw 4 of its levels.

You collected 124 gold pieces.

Inventory:

Hand Weapons
 c - a +0 dagger
 h - a +1 dagger of venom (weapon)
Armour
 m - a +0 leather armour (worn)
 q - a +0 pair of gloves (worn)
 r - a +0 pair of boots (worn)
 u - a +0 ring mail
Jewellery
 k - an amulet of faith
 n - a ring of poison resistance (left hand)
Scrolls
 b - a scroll of blinking {unknown}
 e - a scroll of teleportation {unknown}
 f - a scroll of fear {unknown}
 g - a scroll of silence {unknown}
 i - a scroll of enchant armour {unknown}
 l - a scroll of vulnerability {unknown}
 o - a scroll of magic mapping {unknown}
 p - a scroll of identify {unknown}
 t - a scroll of acquirement {unknown}
 v - a scroll of noise {unknown}
 w - a scroll of amnesia {unknown}
Potions
 a - a potion of berserk rage {unknown}
 d - 3 potions of curing {unknown}
 j - a potion of cancellation {unknown}
 s - a potion of haste {unknown}


   Skills:
 + Level 2.7 Fighting
 * Level 4.6 Short Blades
 + Level 4.3 Dodging
 - Level 2.1 Stealth
 - Level 3.1 Spellcasting
 - Level 1.0 Conjurations
 - Level 2.1 Fire Magic


You had 10 spell levels left.
You knew the following spells:

 Your Spells              Type           Power      Damage    Failure   Level
a - Foxfire               Conj/Fire      28%        2x1d5     14%         1

Your spell library contained the following spells:

 Spells                   Type           Power      Damage    Failure   Level
 Scorch                   Fire           18%        2d6       17%         2
 Conjure Flame            Conj/Fire      7%         6-21      38%         3
 Inner Flame              Hex/Fire       6%         N/A       45%         3
 Flame Wave               Conj/Fire      7%         2d5       80%         4


Dungeon Overview and Level Annotations

Branches:
Dungeon (4/15)
 Temple: D:4-7

Altars:

Shops:
D:2 ?

Annotations:
D:4 Duvessa


Innate Abilities, Weirdness & Mutations

((You are very nimble when in or above water. (Stealth+, EV+, Speed+++)))
Your lower body shifts to a powerful aquatic tail in water.


Message History

You completely miss Dowan. You hit Dowan.
Dowan looks as sick as possible!
Dowan is lightly wounded.
Dowan barely misses you. Duvessa misses you.
You hit Dowan.
Dowan looks as sick as possible!
Dowan is moderately wounded.
Dowan closely misses you. Duvessa hits you with a +0 short sword.
You hit Duvessa but do no damage.
Duvessa looks as sick as possible!
Duvessa is heavily wounded.
Dowan gestures at you while chanting. The puff of flame misses you.
Duvessa completely misses you.
You barely miss Dowan.
Dowan is moderately wounded.
You hit Duvessa but do no damage.
Duvessa is severely wounded.
Duvessa hits you with a +0 short sword!
* * * LOW HITPOINT WARNING * * *
Dowan points at you and mumbles some strange words.
You are outlined in light.
Dowan casts a spell.
Dowan blinks!
You kill Dowan!
Duvessa screams, "No!
How DARE you!"
Duvessa goes berserk!
The goblin shouts!
Casting: Foxfire (safe; 14% risk of failure)
Confirm with . or Enter, or press ? or * to list all spells.
You conjure some foxfire!
The foxfire hits Duvessa but does no damage.
Duvessa is almost dead.
You closely miss Duvessa.
Duvessa is almost dead.
The foxfire hits Duvessa but does no damage.
Duvessa is almost dead.
Duvessa hits you with a +0 short sword!
* * * LOW HITPOINT WARNING * * *
You hit Duvessa but do no damage.
Duvessa is almost dead.
Duvessa hits you with a +0 short sword!
You die...

#........=...
#...........
#.........#
#........g#
#.......).#
#.........#
#.........#
#.........#
#.......e@#
#...†<....#
###########


You could see Duvessa (berserk, very poisoned) and a goblin.

Vanquished Creatures
  A centaur (D:3)
  Dowan (D:4)
  A water moccasin skeleton (D:4)
  4 adders
  3 dart slugs
  5 orcs (D:3)
  5 bats
  3 endoplasms
  6 giant cockroaches
  8 goblins
  5 hobgoblins
  10 jackals
  4 quokkas
  7 ball pythons
  9 frilled lizards
  9 kobolds
  7 rats
88 creatures vanquished.

Vanquished Creatures (others)
  167 foxfires
167 creatures vanquished.

Grand Total: 255 creatures vanquished

Notes
Turn   | Place    | Note
-------+----------+-------------------------------------------
     0 | D:1      | freelancePsychic the Merfolk Fire Elementalist began the
                  | quest for the Orb.
     0 | D:1      | Reached XP level 1. HP: 13/13 MP: 3/3
    89 | D:1      | Reached skill level 1 in Conjurations
   115 | D:1      | Reached XP level 2. HP: 19/19 MP: 0/5
   620 | D:2      | Reached XP level 3. HP: 24/24 MP: 3/7
   870 | D:2      | Reached skill level 1 in Short Blades
   919 | D:2      | Found Sylah's Magic Scroll Shop.
  1618 | D:1      | Reached skill level 1 in Fighting
  1895 | D:1      | Found a faded altar of an unknown god.
  1934 | D:1      | Reached XP level 4. HP: 32/32 MP: 8/8
  3076 | D:3      | Noticed a centaur
  3219 | D:3      | Killed a centaur
  3220 | D:3      | Reached XP level 5. HP: 26/38 MP: 9/9
  3726 | D:4      | Reached XP level 6. HP: 46/46 MP: 2/10
  3797 | D:4      | Noticed Dowan
  3857 | D:4      | Noticed Duvessa
  3928 | D:4      | Killed Dowan
  3931 | D:4      | Mangled by Duvessa

Illustrated notes

Levels and vault maps discovered:
D:1:      dpeg_arrival_line_fractal, layout_rooms,
          ebering_ecumenical_altar_webs, dk_noncrumbling_3,
          corexii_item_surrounded_by_moat, minmay_pentomino_p4
D:2:      layout_basic, serial_shops, nicolae_shop_crystal
D:3:      minmay_evil_eye, layout_loops_ring, minmay_fractal_squares_diagonal_5
D:4:      layout_gridville, mainiacjoe_overflow_large_starburst,
          gammafunk_ghost_necromancy, serial_shops, nicolae_diamond_shop,
          uniq_menkaure, uniq_edmund, uniq_pikel, uniq_duvessa

Skill      XL: |  1  2  3  4  5 |
---------------+----------------+-----
Conjurations   | 1 |  1.0
Spellcasting   | 3 |  3.1
Short Blades   | 1 3 4 |  4.6
Fighting       | 1 2 |  2.7
Dodging        | 3 4 |  4.3
Stealth        | |  2.1
Fire Magic     | |  2.1

Action                   |  1- 3 |  4- 6 || total
-------------------------+-------+-------++-------
Melee: Unarmed           |     5 |       ||     5
       Dagger            |    56 |    97 ||   153
       Punch             |     4 |       ||     4
 Cast: Foxfire           |    50 |    50 ||   100
 Stab: Sleeping          |     3 |     1 ||     4
Armor: Robe              |    15 |       ||    15
       Leather armour    |     5 |    34 ||    39
Dodge: Dodged            |    52 |    74 ||   126
